Map: [ESL] Altitude

Players

MaxPax

  • Race: Protoss Protoss
  • Spawn Location: 1:00

Spirit - Winner!

  • Race: Terran Terran
  • Spawn Location: 7:00

Event: ESL SC2 Masters 2023 Summer (Regionals)

VOD

Have the link to the VOD?

Description

Time

  • Played on: May 21, 2023, 1:41 p.m.
  • Length: 12:16

All games in this series

Show
View Real Time Build Order
Export as new Build Order

MaxPax Protoss 

Build Orders: Oracle Opening, Phoenix Opening 

Get SALT Encoding   

  12  0:00  Probe  
  13  0:12  Probe  
  14  0:18  Pylon  
  14  0:24  Probe (Chrono Boost)  
  15  0:36  Gateway  
  15  0:38  Probe (Chrono Boost)  
  16  0:44  Probe (Chrono Boost)  
  16  0:46  Assimilator  
  17  0:52  Probe  
  18  1:04  Probe  
  19  1:16  Probe  
  20  1:23  Cybernetics Core  
  20  1:35  Probe  
  21  1:43  Pylon  
  21  1:47  Probe  
  21  1:50  Assimilator  
  21  1:51  Nexus  
  22  1:58  Adept (Chrono Boost)  
  22  1:59  Probe  
  24  2:11  Probe  
  25  2:18  Adept (Chrono Boost)  
  27  2:23  Probe  
  27  2:28  Stargate  
  28  2:34  Pylon  
  28  2:35  Probe  
  29  2:38  Warp Gate  
  29  2:46  Adept  
  31  2:52  Probe (Chrono Boost)  
  32  3:02  Probe (Chrono Boost)  
  34  3:09  Oracle (Chrono Boost)  
  34  3:10  Probe (Chrono Boost)  
  34  3:12  Probe (Chrono Boost)  
  38  3:16  Probe (Chrono Boost)  
  38  3:17  Probe (Chrono Boost)  
  40  3:25  Gateway  
  40  3:28  Probe  
  40  3:29  Probe  
  42  3:40  Probe  
  42  3:41  Probe, Phoenix  
  46  3:52  Probe  
  46  3:53  Probe  
  48  4:00  Nexus  
  48  4:04  Probe  
  48  4:08  Probe  
  50  4:16  Probe  
  51  4:20  Probe  
  51  4:21  Twilight Council  
  49  4:24  Gateway  
  49  4:27  Gateway  
  49  4:28  Probe  
  49  4:29  Phoenix  
  52  4:32  Probe  
  52  4:35  Pylon  
  53  4:41  Shield Battery  
  53  4:45  Probe, Charge (Chrono Boost)  
  54  4:53  Probe  
  54  4:56  Pylon, Forge  
  54  4:57  Probe  
  56  5:01  Phoenix  
  56  5:04  Zealot  
  56  5:05  Zealot  
  62  5:11  Probe (Chrono Boost)  
  65  5:16  Probe (Chrono Boost)  
  65  5:17  Probe (Chrono Boost)  
  65  5:20  Sentry  
  68  5:23  Probe (Chrono Boost), Pylon  
  68  5:25  Protoss Ground Weapons Level 1 (Chrono Boost)  
  68  5:27  Probe x2 (Chrono Boost)  
  68  5:28  Probe (Chrono Boost)  
  71  5:36  Probe  
  71  5:37  Probe  
  71  5:38  Probe  
  74  5:43  Pylon  
  74  5:46  Gateway x2  
  74  5:48  Probe  
  75  5:50  Gateway  
  75  5:52  Gateway  
  75  5:54  Zealot x3  
  81  5:59  Zealot  
  81  6:01  Probe x2  
  81  6:03  Probe  
  86  6:05  Phoenix  
  88  6:13  Probe, Pylon  
  88  6:14  Probe  
  88  6:17  Robotics Facility  
  90  6:22  Probe  
  90  6:23  Pylon  
  91  6:26  Probe  
  91  6:28  Zealot x4  
  100  6:42  Zealot x2, Gateway  
  100  6:43  Pylon  
  100  6:44  Phoenix  
  100  6:45  Gateway  
  106  6:48  Pylon  
  106  6:49  Zealot x3  
  112  6:55  Zealot x2  
  116  7:04  Pylon x2  
  115  7:11  Zealot x6  
  127  7:18  Photon Cannon  
  127  7:26  Zealot x2, Observer (Chrono Boost)  
  132  7:36  Zealot  
  132  7:37  Zealot x6  
  138  7:42  Pylon  
  138  7:44  Warp Prism (Chrono Boost)  
  140  7:47  Phoenix  
  143  7:56  Zealot x3  
  143  7:58  Nexus  
  148  7:59  Protoss Ground Weapons Level 2 (Chrono Boost)  
  148  8:01  Robotics Bay  
  148  8:03  Assimilator  
  146  8:16  Zealot x5  
  110  8:34  Phoenix  
  110  8:35  Zealot x5  
  116  8:41  Zealot x5  
  117  8:53  Probe  
  111  8:58  Stalker x2  
  111  8:59  Phoenix, Zealot x2, Stalker  
  111  9:02  Zealot x4  
  114  9:23  Zealot x9  
  129  9:31  Observer (Chrono Boost)  
  129  9:38  Zealot  
  128  9:44  Stalker x3  
  127  9:54  Zealot x5  
  125  10:02  Zealot x2  
  125  10:03  Colossus (Chrono Boost)  
  111  10:21  Zealot x6  
  117  10:33  Zealot x3, Sentry  
  107  10:41  Zealot x3  
  98  10:48  Zealot x2  
  84  11:03  Colossus (Chrono Boost)  
  74  11:19  Stalker x3  
  80  11:36  Zealot x3  
  86  11:42  Zealot x2  
  90  11:49  Zealot  
  90  11:50  Zealot  
  92  11:57  Zealot  
Show
View Real Time Build Order
Export as new Build Order

Spirit Terran - Winner!

Build Orders:  

Get SALT Encoding   

  12  0:00  SCV  
  13  0:12  SCV  
  14  0:17  Supply Depot  
  14  0:24  SCV  
  15  0:39  SCV  
  15  0:41  Barracks  
  16  0:51  SCV  
  16  0:52  Refinery  
  17  1:03  SCV  
  18  1:09  Engineering Bay  
  18  1:15  SCV  
  19  1:27  Marine  
  19  1:28  Orbital Command  
  20  1:46  Barracks Reactor  
  20  1:51  Command Center  
  20  1:54  SCV  
  21  2:04  Supply Depot  
  21  2:06  SCV  
  22  2:18  SCV, Factory  
  23  2:25  Marine x2  
  23  2:29  Refinery  
  25  2:31  SCV  
  26  2:43  SCV, Marine x2  
  29  2:55  SCV  
  31  3:07  Marine, SCV  
  31  3:11  Factory Tech Lab  
  31  3:12  Orbital Command, Marine  
  32  3:18  Barracks  
  32  3:19  SCV  
  33  3:25  Marine  
  34  3:29  Marine, Cyclone  
  34  3:31  SCV  
  39  3:37  Supply Depot  
  39  3:38  SCV  
  40  3:43  SCV  
  40  3:45  Marine  
  40  3:48  Marine  
  43  3:50  SCV  
  45  3:55  SCV  
  45  3:58  Barracks  
  46  4:02  SCV  
  46  4:07  SCV  
  46  4:11  Barracks Tech Lab  
  46  4:14  Marine x2  
  46  4:15  SCV  
  48  4:19  SCV  
  49  4:24  Engineering Bay  
  49  4:25  Supply Depot  
  49  4:27  SCV, Supply Depot  
  49  4:28  Stimpack  
  50  4:32  SCV  
  50  4:37  Bunker  
  51  4:39  SCV  
  51  4:44  SCV, Factory Reactor  
  51  4:45  Starport  
  53  4:51  SCV  
  54  4:54  Missile Turret  
  54  4:56  SCV, Combat Shield  
  54  4:58  Marauder  
  57  5:02  Refinery  
  57  5:03  SCV  
  58  5:08  SCV, Supply Depot  
  59  5:15  SCV  
  59  5:17  Barracks Reactor  
  59  5:20  SCV  
  61  5:22  Widow Mine x2, Supply Depot  
  61  5:27  SCV  
  66  5:31  Supply Depot  
  66  5:32  Missile Turret  
  66  5:33  Medivac x2  
  71  5:38  Terran Infantry Weapons Level 1  
  71  5:42  Barracks  
  70  5:43  Barracks  
  70  5:46  Widow Mine, Refinery  
  74  5:50  Widow Mine  
  74  5:51  SCV x2  
  76  6:01  Marine, Marauder  
  76  6:03  Medivac x2  
  83  6:12  Command Center  
  83  6:18  Armory  
  83  6:23  Marauder x2  
  87  6:31  Marine  
  88  6:35  Barracks Reactor, Barracks Tech Lab  
  88  6:39  SCV x2, Supply Depot  
  90  6:40  Widow Mine  
  90  6:41  Supply Depot  
  90  6:42  Medivac  
  94  6:51  SCV  
  94  7:01  Widow Mine, Marine, Marauder x2, SCV  
  102  7:03  SCV  
  102  7:04  Supply Depot x2  
  102  7:05  Widow Mine  
  102  7:06  Medivac  
  107  7:10  Marine, Marauder  
  110  7:21  Marine, SCV  
  110  7:23  Marine  
  110  7:24  Widow Mine  
  110  7:26  Orbital Command, Widow Mine  
  110  7:27  Supply Depot x2  
  110  7:29  Marine  
  114  7:32  Marine  
  114  7:34  Marine  
  114  7:35  Marine  
  114  7:41  Marine x3  
  117  7:45  Widow Mine  
  117  7:47  Marine  
  117  7:48  Widow Mine  
  117  7:49  Orbital Command  
  117  7:51  Marine  
  123  7:52  Marauder  
  123  7:53  Marine  
  123  7:56  SCV  
  127  7:59  Marine, Marauder  
  130  8:06  Medivac  
  130  8:07  Marine  
  130  8:10  Marine  
  130  8:11  Marauder  
  134  8:14  Marauder  
  134  8:15  Marine  
  134  8:18  Marine  
  129  8:28  Marine x3  
  129  8:32  Marine  
  129  8:33  Marine  
  114  8:34  Marine  
  114  8:36  Marine  
  116  8:46  Marine x3  
  114  8:50  Marine  
  114  8:51  Marine  
  114  8:52  Marine  
  114  8:53  Marine  
  110  8:59  Medivac x2  
  111  9:03  Marine  
  111  9:04  Marine x2  
  111  9:06  Orbital Command  
  111  9:08  Marine x2  
  112  9:11  Marauder, Marine  
  112  9:16  Widow Mine  
  110  9:21  Marine x3  
  113  9:26  Marine x2  
  113  9:29  Marine  
  118  9:32  Marine  
  118  9:35  Liberator x2  
  118  9:36  Widow Mine  
  123  9:39  Marine x2  
  123  9:42  SCV, Missile Turret  
  123  9:43  Marine  
  123  9:44  SCV  
  124  9:47  Marine  
  119  9:54  Marine x2  
  119  9:56  Marine  
  119  9:57  Marine x2  
  120  10:01  Marine  
  120  10:05  Marine  
  118  10:12  Marine x2  
  109  10:14  Marine  
  109  10:15  Marine x2  
  109  10:19  Marine  
  106  10:23  Marine  
  104  10:29  Marine  
  104  10:30  Marine  
  104  10:32  Marine x2  
  104  10:33  Marauder  
  103  10:36  Marine, Medivac x2  
  103  10:40  Marine  
  100  10:47  Marine x2  
  93  10:57  Marine  
  93  11:02  Marine  
  83  11:06  Marine  
  83  11:07  Marauder x2  
  90  11:13  Orbital Command  
  90  11:16  Marine  
  90  11:17  Marauder  
  93  11:19  Marine  
  94  11:27  Viking  
  94  11:28  Marauder  
  94  11:29  Viking  
  94  11:31  Marine  
  98  11:34  Marine  
  98  11:36  Marine  
  98  11:39  Marine  
  101  11:53  Marine  
  97  11:54  Marine  
  97  11:55  Marine x4  
  97  11:57  Marine  
Tags
 
Add a new tag
Caveats
  • Supply blocks, unpowered buildings, or Contaminate may cause inaccurate times.
  • Supply counts are checked every 10 seconds.